Map: Lerilak Crest

Players

PrettyGirl - Winner!

  • Race: Zerg Zerg
  • League: Platinum

LilDicky

  • Race: Terran Terran
  • League: Diamond

VOD

http://www.twitch.tv/tumescentpie

Description

Time

  • Played on: Dec. 10, 2015, 4:19 p.m.
  • Length: 16:14
Show
View Real Time Build Order
Export as new Build Order

PrettyGirl Zerg - Winner!

Build Orders: Hatch First 

Get SALT Encoding   

  12  0:00  Drone  
  13  0:11  Drone  
  14  0:22  Overlord  
  14  0:41  Drone x2  
  14  0:42  Drone  
  17  0:53  Drone  
  18  1:03  Hatchery  
  17  1:15  Spawning Pool  
  16  1:20  Drone x2  
  18  1:27  Overlord  
  18  1:36  Drone  
  19  1:46  Drone  
  20  2:01  Queen  
  20  2:03  Drone  
  23  2:10  Drone  
  23  2:14  Queen  
  26  2:17  Drone  
  26  2:19  Drone  
  28  2:29  Hatchery  
  27  2:31  Drone x2  
  27  2:33  Extractor  
  27  2:34  Extractor  
  27  2:39  Queen  
  27  2:42  Zergling x2  
  30  2:49  Overlord  
  30  2:50  Drone  
  31  2:58  Drone x2  
  33  3:10  Drone x5  
  38  3:16  Overlord  
  38  3:23  Lair  
  38  3:30  Drone x2  
  40  3:42  Drone  
  40  3:43  Drone x5  
  46  3:49  Metabolic Boost  
  46  3:55  Queen  
  46  3:59  Zergling x6  
  46  4:02  Zergling x2  
  52  4:03  Drone  
  52  4:08  Zergling x2  
  52  4:09  Zergling x4  
  56  4:15  Spine Crawler  
  55  4:29  Drone x4, Spire  
  55  4:30  Drone, Extractor  
  58  4:37  Overlord x2  
  58  4:52  Overlord  
  58  4:53  Overlord  
  58  4:57  Extractor  
  57  5:05  Spore Crawler  
  56  5:10  Zergling x18  
  56  5:11  Zergling x2  
  64  5:31  Drone x3, Extractor  
  64  5:32  Drone x5  
  64  5:33  Extractor  
  70  5:52  Overlord x2  
  70  5:53  Mutalisk x7  
  84  6:11  Overlord  
  84  6:12  Drone  
  84  6:13  Drone x4  
  84  6:17  Drone  
  90  6:28  Mutalisk x3  
  96  6:35  Infestation Pit  
  96  6:37  Overseer  
  96  6:39  Overlord  
  95  6:40  Drone x5  
  100  6:53  Mutalisk x4  
  108  7:02  Overlord  
  108  7:03  Overlord x2  
  108  7:04  Mutalisk x2  
  112  7:09  Overlord  
  112  7:14  Overlord  
  112  7:19  Mutalisk x2  
  116  7:32  Overlord  
  116  7:36  Hatchery  
  115  7:40  Overseer  
  115  7:45  Overlord x3  
  115  7:53  Queen  
  115  7:56  Drone x6  
  115  7:57  Drone x7  
  128  8:01  Infestation Pit  
  128  8:02  Evolution Chamber  
  126  8:07  Queen  
  128  8:26  Zergling x2  
  125  8:27  Zergling x18  
  125  8:32  Zerg Ground Armor Level 1  
  134  8:35  Infestation Pit  
  134  8:41  Hive  
  133  8:43  Evolution Chamber, Zergling x2  
  133  8:44  Zergling x10  
  139  8:54  Zergling x2  
  139  8:55  Zergling x6  
  143  9:00  Queen  
  145  9:07  Zergling x12  
  151  9:12  Zerg Melee Weapons Level 1  
  151  9:20  Zergling x6  
  155  9:24  Zergling x6  
  157  9:33  Zergling x4  
  157  9:34  Zergling x12  
  165  9:48  Overlord  
  165  9:49  Overlord  
  165  9:52  Overlord x2  
  165  9:54  Adrenal Glands  
  165  9:56  Ultralisk Cavern  
  165  9:59  Drone x3  
  168  10:00  Drone x4  
  168  10:02  Extractor  
  168  10:03  Extractor  
  169  10:08  Zergling x8  
  169  10:09  Zergling x8  
  176  10:17  Zergling x2  
  176  10:18  Zergling x4  
  176  10:19  Hatchery  
  178  10:25  Zergling x2  
  178  10:26  Zergling x18  
  188  10:35  Zerg Ground Armor Level 2  
  188  10:48  Ultralisk  
  188  10:49  Ultralisk  
  199  11:01  Zergling x2  
  199  11:09  Ultralisk  
  198  11:13  Chitinous Plating  
  183  11:30  Ultralisk x3  
  200  11:43  Ultralisk  
  176  11:59  Ultralisk  
  176  12:00  Ultralisk x3  
  192  12:20  Ultralisk  
  194  12:33  Overlord x3  
  194  12:35  Zerg Melee Weapons Level 2  
  187  13:01  Mutalisk  
  187  13:02  Mutalisk x5  
  192  13:13  Mutalisk  
  192  13:14  Mutalisk x3  
  199  13:20  Zerg Ground Armor Level 3  
  199  13:54  Overlord x3  
Show
View Real Time Build Order
Export as new Build Order

LilDicky Terran 

Build Orders: Mech 

Get SALT Encoding   

  12  0:02  SCV  
  13  0:14  SCV  
  13  0:18  Supply Depot  
  14  0:26  SCV  
  15  0:30  Refinery  
  15  0:39  SCV  
  16  0:46  Barracks  
  16  0:54  SCV  
  17  1:14  SCV  
  18  1:33  SCV  
  18  1:36  Reaper  
  18  1:38  Supply Depot  
  20  1:46  Orbital Command  
  20  2:12  Refinery  
  20  2:14  SCV, Factory  
  21  2:16  Marine  
  22  2:27  SCV  
  23  2:39  SCV  
  23  2:43  Command Center  
  24  2:45  Supply Depot  
  24  2:49  Marine  
  25  2:53  SCV  
  26  2:58  Armory  
  26  3:00  Starport  
  26  3:01  Factory Tech Lab  
  26  3:09  Marine  
  26  3:14  SCV  
  27  3:27  SCV  
  27  3:29  Marine  
  29  3:39  SCV  
  32  3:54  Thor  
  32  3:55  Medivac  
  38  3:56  SCV  
  38  3:58  Orbital Command  
  38  4:01  Marine  
  40  4:08  SCV  
  41  4:12  Liberator  
  41  4:16  Bunker  
  41  4:19  Marine  
  41  4:20  SCV  
  41  4:24  SCV  
  44  4:26  Command Center  
  47  4:36  SCV  
  47  4:37  Marine  
  49  4:42  SCV  
  50  4:48  SCV, Siege Tank  
  54  4:56  Refinery x2  
  54  4:58  Supply Depot  
  54  5:08  Supply Depot  
  54  5:13  Supply Depot  
  54  5:14  Starport Tech Lab  
  54  5:30  SCV x2, Siege Tank  
  54  5:33  Banshee  
  62  5:37  Orbital Command  
  62  5:42  SCV  
  63  5:44  SCV  
  63  5:47  Cloaking Field  
  64  5:53  Refinery  
  64  5:54  SCV  
  64  5:56  SCV  
  66  6:02  Orbital Command  
  63  6:06  SCV  
  63  6:07  Siege Tank  
  63  6:08  Marine  
  63  6:09  Command Center, SCV  
  70  6:15  Factory  
  69  6:18  SCV  
  69  6:21  SCV  
  69  6:23  Banshee, Refinery  
  74  6:30  SCV  
  75  6:33  SCV x2  
  77  6:42  SCV, Orbital Command  
  77  6:43  Siege Tank  
  77  6:45  SCV  
  80  6:49  Factory  
  77  6:56  Engineering Bay  
  77  7:05  Factory Reactor  
  77  7:07  Supply Depot  
  77  7:29  Orbital Command  
  77  7:31  Orbital Command  
  77  7:32  Missile Turret  
  77  7:33  Missile Turret  
  77  7:36  Factory Reactor, Missile Turret  
  77  7:46  SCV x2  
  77  7:48  Thor  
  77  7:51  Factory Tech Lab  
  85  7:52  Missile Turret  
  85  7:55  SCV  
  85  7:56  Missile Turret, Marine  
  85  7:57  SCV  
  85  8:03  SCV x2  
  85  8:05  Missile Turret  
  87  8:06  Missile Turret  
  87  8:07  SCV, Missile Turret  
  87  8:11  Missile Turret  
  79  8:31  Missile Turret  
  79  8:33  Missile Turret x2  
  79  8:34  Missile Turret  
  79  8:41  Missile Turret  
  79  8:44  Thor x2  
  79  8:47  Thor  
  97  8:49  SCV  
  97  8:51  SCV  
  99  8:58  SCV  
  100  9:07  SCV  
  101  9:10  SCV x3  
  101  9:15  Missile Turret  
  104  9:19  SCV  
  104  9:22  SCV  
  106  9:25  Terran Vehicle And Ship Armor Level 1  
  106  9:27  Supply Depot, Thor  
  108  9:46  Command Center  
  108  9:47  Hi-Sec Auto Tracking  
  108  9:48  Thor  
  108  9:50  Supply Depot  
  108  9:51  Supply Depot  
  114  10:11  Thor  
  120  10:20  Thor  
  126  10:31  Thor  
  132  10:37  Missile Turret  
  132  10:44  Missile Turret  
  132  10:57  Thor  
  135  11:11  Thor  
Tags
 
Add a new tag
Caveats
  • Supply blocks, unpowered buildings, or Contaminate may cause inaccurate times.
  • Supply counts are checked every 10 seconds.